 Dungeon Crawl Stone Soup version 0.26.1-10-gdfb7c7de75 (webtiles) character file.

Game seed: 6586446497233525763

18 Gabide the Grave Robber (level 2, -2/19 HPs)
             Began as a Mummy Necromancer on Apr 2, 2021.
             Slain by an adder (3 damage)
             ... on level 1 of the Dungeon.
             The game lasted 00:02:21 (1136 turns).

Gabide the Grave Robber (Mummy Necromancer)         Turns: 1136, Time: 00:02:21

Health: -2/19      AC:  2    Str: 11    XL:     2   Next: 48%
Magic:  3/6        EV: 12    Int: 14    God:
Gold:   45         SH:  0    Dex: 12    Spells: 6/7 levels left

rFire    x . .     SeeInvis .   c - -1 dagger (curse)
rCold    + . .     Faith    .   (no shield)
rNeg     + + +     Spirit   .   a - +0 robe
rPois    ∞         Reflect  .   (no helmet)
rElec    .         Harm     .   (no cloak)
rCorr    .         Rampage  .   (no gloves)
Will     .....                  (no boots)
Stlth    ++........             (no amulet)
HPRegen  0.06/turn              (no ring)
MPRegen  0.10/turn              (no ring)

@: no status effects
A: no potions, fire vulnerability, cold resistance 1, negative energy resistance
3, torment resistance, unbreathing
a: no special abilities


You were on level 1 of the Dungeon.
You visited 1 branch of the dungeon, and saw 2 of its levels.

You collected 45 gold pieces.

Inventory:

Hand Weapons
 c - a cursed -1 dagger (weapon)
Armour
 a - a +0 robe (worn)
Scrolls
 b - a scroll of identify


   Skills:
 + Level 1.7 Dodging
 + Level 1.5 Stealth
 + Level 3.1 Spellcasting
 * Level 4.4 Necromancy


You had 6 spell levels left.
You knew the following spells:

 Your Spells              Type           Power        Failure   Level
a - Pain                  Necr           56%          3%          1

Your spell library contained the following spells:

 Spells                   Type           Power        Failure   Level
 Animate Skeleton         Necr           28%          3%          1
 Vampiric Draining        Necr           7%           11%         3
 Animate Dead             Necr           7%           34%         4
 Agony                    Necr           14%          67%         5


Dungeon Overview and Level Annotations

Branches:
Dungeon (2/15)

Altars:


Innate Abilities, Weirdness & Mutations

You do not drink.
Your flesh is vulnerable to fire.
You are immune to poison.
Your flesh is cold resistant. (rC+)
You are immune to negative energy. (rN+++)
You are immune to unholy pain and torment.
You can survive without breathing.


Message History

The adder barely resists.
The adder bites you.
Casting: Pain (safe; 3% risk of failure)
Confirm with . or Enter, or press ? or * to list all spells.
Aiming: Pain (safe; 3% risk of failure)
Press: ? - help, Shift-Dir - straight line, f/p - adder
Aim: an adder (chance to affect: 79%)
The adder barely resists.
The adder bites you. x2
* * * LOW HITPOINT WARNING * * *
Casting: Pain (safe; 3% risk of failure)
Confirm with . or Enter, or press ? or * to list all spells.
Aiming: Pain (safe; 3% risk of failure)
Press: ? - help, Shift-Dir - straight line, f/p - adder
Aim: an adder (chance to affect: 79%)
The adder barely resists.
The adder bites you.
* * * LOW HITPOINT WARNING * * *
There is an open door here.
As you read the scroll labelled UCVUPP DAK WUN, it crumbles to dust.
You experience a momentary feeling of inescapable doom!
It was a scroll of random uselessness.
The adder bites you.
You die...

#.# #......####.... ##.#
###.#### ####. #..# #.#
#. #.## ##+## #. #.#
##...## ## #.###
##.....## ### #.#.##
##.......## ##.#
#....####.........####...
#...l.lS@.........+......
#>...####.........####...
#.#.## ##.......##......
#.### ##.....###.#####
#.# ##...## #.#....
#.#### ##'## #.#.###
#....# #.# #.#.# # ####.#
#.# #.#.### #.########.##
#......


You could see an adder and 2 frilled lizards.

Vanquished Creatures
  A worm (D:2)
  A dart slug (D:1)
  A giant cockroach (D:1)
  A goblin (D:1)
  3 kobolds
  4 bats (D:1)
  2 rats (D:1)
13 creatures vanquished.

Vanquished Creatures (others)
  2 plants (D:2)
2 creatures vanquished.

Grand Total: 15 creatures vanquished

Notes
Turn   | Place    | Note
-------+----------+-------------------------------------------
     0 | D:1      | Gabide the Mummy Necromancer began the quest for the Orb.
     0 | D:1      | Reached XP level 1. HP: 13/13 MP: 4/4
   395 | D:1      | Reached XP level 2. HP: 19/19 MP: 0/6
  1136 | D:1      | Slain by an adder

Illustrated notes

Levels and vault maps discovered:
D:1:      psy_arrival_dodecagon, layout_loops_corners
D:2:      layout_rooms, led_sif_pool, chequers_ecumenical_altar_lobes

Skill      XL: |  1 |
---------------+----+-----
Spellcasting   | 3 |  3.1
Dodging        | |  1.7
Stealth        | |  1.5
Necromancy     | |  4.4

Action                   || total
-------------------------++-------
Melee: Dagger            ||     4
 Cast: Pain              ||    30
  Use: Scroll            ||     3
Armor: Robe              ||     4
Dodge: Dodged            ||    16
